 Dungeon Crawl Stone Soup version 0.19.0-2-gae57169 (webtiles) character file.

815 Leibowitz the Slasher (level 7, 0/60 HPs)
             Began as a Minotaur Fighter on Nov 6, 2016.
             Was an Initiate of Okawaru.
             Slain by a quasit (2 damage)
             ... summoned by Eustachio
             ... on level 5 of the Dungeon.
             The game lasted 00:06:42 (3322 turns).

Leibowitz the Slasher (Minotaur Fighter)            Turns: 3322, Time: 00:06:42

Health: 0/60       AC:  7    Str: 21      XL:     7   Next: 62%
Magic:  6/6        EV: 13    Int:  5      God:    Okawaru [......]
Gold:   93         SH: 10    Dex:  8 (11) Spells: 0 memorised, 6 levels left

rFire  . . .     SeeInvis .     a - +0 long sword
rCold  . . .     Gourm    .     b - +0 scale mail
rNeg   . . .     Faith    .     c - +0 shield
rPois  .         Spirit   .     (helmet restricted)
rElec  .         Reflect  .     (no cloak)
rCorr  .         Harm     .     (no gloves)
MR     .....                    (no boots)
Stlth  ..........               (no amulet)
                                (no ring)
                                p - +5 ring of evasion

@: flying
A: retaliatory headbutt, horns 2
a: Renounce Religion


You were on level 5 of the Dungeon.
You worshipped Okawaru.
Okawaru was noncommittal.
You were not hungry.

You visited 2 branches of the dungeon, and saw 6 of its levels.

You collected 190 gold pieces.
You spent 97 gold pieces at shops.

Inventory:

Hand Weapons
 a - a +0 long sword (weapon)
Missiles
 m - 14 poisoned needles
 t - 5 curare-tipped needles
Armour
 b - a +0 scale mail (worn)
 c - a +0 shield (worn)
Jewellery
 p - a +5 ring of evasion (left hand)
Wands
 B - a wand of flame (24/48)
Scrolls
 e - 3 scrolls of remove curse {unknown}
 g - 3 scrolls of magic mapping {unknown}
 h - 2 scrolls of teleportation {unknown}
 l - a scroll of noise {unknown}
 q - a scroll of enchant armour {unknown}
 r - a scroll of immolation {unknown}
 u - a scroll of amnesia {unknown}
 v - 4 scrolls of identify {unknown}
 w - 2 scrolls of random uselessness {unknown}
 x - a scroll of recharging {unknown}
 y - 3 scrolls of enchant weapon {unknown}
 z - a scroll of summoning {unknown}
Potions
 d - 2 potions of might
 k - a potion of flight
 n - 3 potions of curing {unknown}
 o - a potion of agility {unknown}
 s - 3 potions of heal wounds {unknown}
 A - a potion of lignification {unknown}
Comestibles
 f - 3 bread rations
 i - 2 fruits
 j - 2 beef jerkies
 C - a chunk of flesh


   Skills:
 + Level 4.7 Fighting
 + Level 6.9 Long Blades
 + Level 6.2 Armour
 + Level 1.8 Dodging
 + Level 0.3 Stealth
 + Level 5.8 Shields


You had 6 spell levels left.
You didn't know any spells.

Dungeon Overview and Level Annotations

Branches:
Dungeon (5/15)             Temple (1/1) D:5

Altars:
Ashenzari
Kikubaaqudgha
Okawaru

Shops:
D:4 *

Annotations:
D:5 Eustachio


Innate Abilities, Weirdness & Mutations

You reflexively headbutt those who attack you in melee.
You have a pair of horns on your head.


Message History

The quasit closely misses you.
The quasit claws you but does no damage.
The white imp hits you.
* * * LOW HITPOINT WARNING * * *
The white imp freezes you.
* * * LOW HITPOINT WARNING * * *
You block the rat's attack.
The iron imp hits you but does no damage.
It was a potion of flight.
You feel very buoyant.
You fly up into the air.
You block the quasit's attack.
The quasit claws you but does no damage.
The quasit claws you.
* * * LOW HITPOINT WARNING * * *
You feel clumsy. The white imp gestures at you. The puff of frost hits you!
* * * LOW HITPOINT WARNING * * *
The rat closely misses you. The quasit bites you.
You die...

#.# #..#####_##### ###.#
#..###.. ..## #...# ##'.....
... #.#.# ##....#.# #.#
#...### ##.......# #.##
##.##.######.......## ##..###
#................ยง.####......
#...........5......'>........
#.#...###..5@r(....####(..#.#
#.##.## #.#..5....## ##.##.#
#.....# #.##.....## ##...#
#.###># #.###...## #.###
#.###.###.####+###### #.#
#.........##........# #.#
#................##.# #.#
#.###.###......#.##.# #.# #
#.###...#....##.# #.#


You could see an iron imp, a quasit, a white imp and a rat.

Vanquished Creatures
  A hippogriff (D:4)
  The ghost of bworf the Chopper, an amateur HOGl of Uskayaw (D:4)
  An ogre (D:4)
  The ghost of Ge0ff the Skirmisher, a weakling MiNe (D:3)
  2 howler monkeys
  2 orc priests (D:4)
  A jelly (D:5)
  An iguana (D:4)
  2 worker ants (D:4)
  An orc wizard (D:4)
  A mummy (D:4)
  5 adders
  2 shadow imps
  A worm (D:4)
  3 dart slugs
  8 leopard geckos
  9 orcs
  4 giant cockroaches
  4 goblins
  6 hobgoblins
  8 jackals
  4 kobolds (D:1)
  A quokka (D:4)
  8 bats
  3 frilled lizards
  A hobgoblin zombie (D:4)
  2 kobold zombies (D:4)
  An orc zombie (D:4)
  6 rats
90 creatures vanquished.

Notes
Turn   | Place    | Note
-------+----------+-------------------------------------------
     0 | D:1      | Leibowitz the Minotaur Fighter began the quest for the Orb.
     0 | D:1      | Reached XP level 1. HP: 19/19 MP: 0/0
   125 | D:1      | Reached XP level 2. HP: 27/27 MP: 1/1
   353 | D:1      | Reached XP level 3. HP: 31/33 MP: 2/2
  1490 | D:3      | Reached XP level 4. HP: 40/40 MP: 3/3
  1629 | D:3      | Noticed Ge0ff's ghost (weakling MiNe)
  1639 | D:3      | Killed Ge0ff's ghost
  1639 | D:3      | Reached XP level 5. HP: 46/46 MP: 4/4
  1711 | D:3      | Reached skill level 1 in Dodging
  1800 | D:4      | Reached skill level 5 in Armour
  2075 | D:4      | Reached skill level 5 in Shields
  2075 | D:4      | Reached XP level 6. HP: 43/53 MP: 5/5
  2163 | D:4      | Reached skill level 5 in Long Blades
  2364 | D:4      | Found Laemu's Assorted Antiques.
  2372 | D:4      | Found an ancient bone altar of Kikubaaqudgha.
  2374 | D:4      | Bought a scroll labeled ITSEAHYATA for 25 gold pieces
  2374 | D:4      | Bought a scroll labeled MUACODI URAX for 25 gold pieces
  2374 | D:4      | Bought a scroll labeled SAHOPAIHUO for 25 gold pieces
  2374 | D:4      | Bought a glowing cyan potion for 22 gold pieces
  2380 | D:4      | Noticed bworf's ghost (amateur HOGl)
  2404 | D:4      | Killed bworf's ghost
  2808 | D:4      | Noticed a hippogriff
  2817 | D:4      | Killed a hippogriff
  2817 | D:4      | Reached XP level 7. HP: 21/60 MP: 6/6
  3072 | D:5      | Entered Level 5 of the Dungeon
  3252 | D:5      | Found a staircase to the Ecumenical Temple.
  3253 | D:5      | Found a shattered altar of Ashenzari.
  3261 | Temple   | Entered the Ecumenical Temple
  3277 | Temple   | Became a worshipper of Warmaster Okawaru
  3296 | D:5      | Noticed Eustachio
  3322 | D:5      | HP: 2/60 [white imp/puff of frost[Eustachio] (4)]
  3322 | D:5      | Slain by a quasit

Skill      XL: |  1  2  3  4  5  6  7 |
---------------+----------------------+-----
Long Blades    | 3 4 6 |  6.9
Armour         | 4 5 6 |  6.2
Shields        | 4 5 |  5.8
Fighting       | 4 |  4.7
Dodging        | 1 |  1.8
Stealth        | |  0.3

Action                   |  1- 3 |  4- 6 |  7- 9 || total
-------------------------+-------+-------+-------++-------
Melee: Long sword        |    81 |   120 |    47 ||   248
       Headbutt          |    13 |    26 |    12 ||    51
  Use: Potion            |       |       |     1 ||     1
  Eat: Chunk             |     2 |     4 |     2 ||     8
Armor: Scale mail        |    30 |    25 |    55 ||   110
Dodge: Dodged            |    41 |    72 |    72 ||   185
Block: Shield            |    38 |    61 |    44 ||   143
       Rpst.: Long sword |    10 |    19 |     6 ||    35
